 Dungeon Crawl Stone Soup version 0.20.0-6-gd3061e9 (webtiles) character file.

77 MDvedh the Digger (level 3, -3/26 HPs)
             Began as a Demigod Earth Elementalist on May 28, 2017.
             Slain by an orc
             ... wielding a +0 club
              (6 damage)
             ... on level 3 of the Dungeon.
             The game lasted 00:03:02 (1593 turns).

MDvedh the Digger (Demigod Earth Elementalist)      Turns: 1593, Time: 00:03:03

Health: -3/26      AC:  3    Str:  8 (11) XL:     3   Next: 92%
Magic:  0/8        EV: 12    Int: 19 (21) God:
Gold:   85         SH:  0    Dex: 14 (16) Spells: 1/5 levels left

rFire    . . .     SeeInvis .   l - +0 hand axe (curse)
rCold    . . .     Gourm    .   (no shield)
rNeg     . . .     Faith    .   c - +0 robe
rPois    .         Spirit   .   (no helmet)
rElec    .         Reflect  .   r - +0 cloak
rCorr    .         Harm     .   (no gloves)
MR       .....                  (no boots)
Stlth    ++........             (no amulet)
Regen    0.1/turn               (no ring)
MPRegen  0.2/turn               (no ring)

@: very slightly contaminated
A: high mp 1
a: no special abilities


You were on level 3 of the Dungeon.
You were not hungry.

You visited 1 branch of the dungeon, and saw 3 of its levels.

You collected 85 gold pieces.

Inventory:

Hand Weapons
 j - a +0 short sword
 l - a cursed +0 hand axe (weapon)
Missiles
 b - 87 stones (quivered)
Armour
 c - a +0 robe (worn)
 r - a +0 cloak (worn)
Jewellery
 o - an uncursed amulet of faith {unknown}
 v - an uncursed ring of resist corrosion {unknown}
 x - an uncursed ring of wizardry {unknown}
Wands
 y - a wand of flame (25/48)
Scrolls
 i - a scroll of teleportation {unknown}
 k - 3 scrolls of identify {unknown}
 n - 2 scrolls of enchant armour {unknown}
 p - a scroll of immolation {unknown}
 q - a scroll of blinking {unknown}
Potions
 f - 2 potions of degeneration
 g - a potion of lignification {unknown}
 m - a potion of agility {unknown}
 s - 2 potions of haste {unknown}
 t - a potion of curing {unknown}
 u - a potion of cancellation {unknown}
 w - 2 potions of might {unknown}
Books
 e - a book of Geomancy

   Spells                             Type                      Level
   a - Sandblast                      Earth                        1
   b - Passwall                       Transmutation/Earth          2
   c - Stone Arrow                    Conjuration/Earth            3
   d - Petrify                        Transmutation/Earth          4
   e - Lee's Rapid Deconstruction     Earth                        5
Comestibles
 a - a royal jelly
 d - 2 bread rations
 h - 3 fruits
 z - a chunk of flesh


   Skills:
 - Level 1.7 Dodging
 - Level 1.7 Stealth
 - Level 1.7 Spellcasting
 + Level 1.2 Conjurations
   Level 0.8 Transmutations
 + Level 4.2 Earth Magic


You had one spell level left.
You knew the following spells:

 Your Spells              Type           Power        Failure   Level  Hunger
a - Sandblast             Erth           ###...       3%          1    #......
b - Stone Arrow           Conj/Erth      ##....       17%         3    ###....


Dungeon Overview and Level Annotations

Branches:
Dungeon (3/15)


Innate Abilities, Weirdness & Mutations

You have an increased reservoir of magic. (+10% MP)


Message History

Aim: an orc priest, wielding a club The stone arrow misses the orc priest.
The orc barely misses you. The orc priest closely misses you.
Casting: Stone Arrow
Confirm with . or Enter, or press ? or * to list all spells.
Aiming: Stone Arrow
Press: ? - help, Shift-Dir - straight line, f/p - orc priest
Aim: an orc priest, wielding a club You miscast Stone Arrow.
You are very lightly contaminated with residual magic.
Strange energies run through your body. The orc hits you with a club.
* * * LOW HITPOINT WARNING * * *
The orc priest hits you with a club.
* * * LOW HITPOINT WARNING * * *
Unknown command.
It was a potion of degeneration.
There was something very wrong with that liquid.
You feel weakened.
You feel dopey.
You feel clumsy. The orc hits you with a club.
You die...

#..##...#
#.####..# #.
#..# #. ##.#
#. #.# .. #.#
## #.## #..#
#@o# ##o#
##########o##
#.%.......†.##
#.......o....#
.>....)o(..#.#
#..........#.#
#............#
.......)...###


You could see an orc priest and 2 orcs.

Vanquished Creatures
  2 adders
  An ooze (D:3)
  A worm (D:2)
  2 dart slugs
  5 orcs (D:3)
  A giant cockroach (D:1)
  3 goblins
  4 hobgoblins
  9 kobolds
  A quokka (D:2)
  A ball python (D:1)
  6 bats
  2 frilled lizards
  7 rats
45 creatures vanquished.

Notes
Turn   | Place    | Note
-------+----------+-------------------------------------------
     0 | D:1      | MDvedh the Demigod Earth Elementalist began the quest for the Orb.
     0 | D:1      | Reached XP level 1. HP: 14/14 MP: 5/5
   116 | D:1      | Reached skill level 3 in Earth Magic
   248 | D:1      | Reached XP level 2. HP: 15/20 MP: 7/7
   779 | D:2      | Reached XP level 3. HP: 26/26 MP: 6/8
   885 | D:2      | Reached skill level 4 in Earth Magic
   932 | D:2      | Learned a level 3 spell: Stone Arrow
  1447 | D:3      | Reached skill level 1 in Conjurations
  1593 | D:3      | Slain by an orc

Skill      XL: |  1  2  3 |
---------------+----------+-----
Earth Magic    | 3 4 |  4.2
Conjurations   | 1 |  1.2
Dodging        | |  1.7
Stealth        | |  1.7
Spellcasting   | |  1.7
Transmutations | |  0.8

Action                   || total
-------------------------++-------
Melee: Short sword       ||    18
       Unarmed           ||    10
       Hand axe          ||    53
 Cast: Sandblast         ||    34
       Stone Arrow       ||     3
  Use: Potion            ||     1
 Stab: Sleeping          ||     9
       Distracted        ||     1
  Eat: Chunk             ||     3
Armor: Robe              ||    33
Dodge: Dodged            ||    72
